 Dungeon Crawl Stone Soup version 0.27-a0-720-g3f424a255b (webtiles) character file.

Game seed: 17156785472026184487

59 PentaManta the Ducker (level 3, 0/19 HPs)
             Began as a Spriggan Abyssal Knight on Mar 23, 2021.
             Was a Follower of Lugonu.
             Slain by Ijyb
             ... wielding a +0 dagger
              (4 damage)
             ... on level 4 of the Dungeon.
             The game lasted 00:03:58 (2490 turns).

PentaManta the Ducker (Spriggan Abyssal Knight)     Turns: 2490, Time: 00:03:58

Health: 0/19       AC:  2    Str:  8    XL:     3   Next: 78%
Magic:  5/5        EV: 19    Int: 13    God:    Lugonu [*.....]
Gold:   74         SH:  0    Dex: 15    Spells: 2/2 levels left

rFire    . . .     SeeInvis +   a - +1 falchion
rCold    . . .     Faith    .   (shield restricted)
rNeg     . . .     Spirit   .   b - +0 robe
rPois    .         Reflect  .   (helmet restricted)
rElec    .         Harm     .   (no cloak)
rCorr    .         Rampage  .   (gloves unavailable)
Will     .....                  (boots unavailable)
Stlth    +.........             (no amulet)
HPRegen  0.06/turn              (no ring)
MPRegen  0.09/turn              (no ring)

@: very quick
A: very small, no large weapons, unfitting armour, see invisible, speed 3
a: Renounce Religion, Depart the Abyss


You were on level 4 of the Dungeon.
You worshipped Lugonu.
Lugonu was aware of your devotion.
You visited 1 branch of the dungeon, and saw 4 of its levels.
You visited the Abyss 1 time.

You collected 74 gold pieces.

Inventory:

Hand Weapons
 a - a +1 falchion (weapon)
Armour
 b - a +0 robe (worn)
Scrolls
 c - 2 scrolls of magic mapping {unknown}
 d - 3 scrolls of enchant armour {unknown}
 e - a scroll of noise {unknown}
 f - 4 scrolls of identify {unknown}
 g - a scroll of fog {unknown}
 h - a scroll of enchant weapon {unknown}
 i - a scroll of teleportation {unknown}
 m - a scroll of silence {unknown}
Potions
 j - a potion of haste {unknown}
 k - a potion of attraction {unknown}
 l - a potion of flight {unknown}


   Skills:
 - Level 2.4 Fighting
 + Level 2.4 Long Blades
 * Level 5.0 Dodging
 - Level 1.7 Invocations


You had 2 spell levels left.
You didn't know any spells.
Your spell library was empty.

Dungeon Overview and Level Annotations

Branches:
Dungeon (4/15)
 Temple: D:4-7

Altars:
Gozag
The Shining One

Annotations:
D:2 Sigmund
D:4 Ijyb


Innate Abilities, Weirdness & Mutations

You are very small and have problems with some larger weapons.
You are too small for most types of armour.
You have supernaturally acute eyesight. (SInv)
You cover ground extremely quickly. (Speed+++)


Message History

Ijyb closely misses you.
You barely miss Ijyb. Ijyb closely misses you.
You riposte.
You barely miss Ijyb.
Press: ? - help, v - describe, . - travel
Here: Ijyb, wielding a +0 dagger, wearing a +0 ring mail and carrying a wand of flame (18)
The floor.
Unknown command.
You closely miss Ijyb. Ijyb barely misses you.
You riposte.
You hit Ijyb but do no damage. You barely miss Ijyb.
Ijyb hits you with a +0 dagger.
You hit Ijyb.
Ijyb is lightly wounded.
Ijyb closely misses you.
You completely miss Ijyb.
Ijyb is lightly wounded.
Ijyb barely misses you. Ijyb hits you with a +0 dagger.
You closely miss Ijyb.
Ijyb is lightly wounded.
Ijyb barely misses you.
You riposte.
You hit Ijyb.
Ijyb is moderately wounded.
You hit Ijyb but do no damage.
Ijyb is moderately wounded.
Ijyb hits you with a +0 dagger.
You hit Ijyb but do no damage.
Ijyb is moderately wounded.
Ijyb closely misses you.
You riposte.
You barely miss Ijyb.
Ijyb is moderately wounded.
You hit Ijyb but do no damage.
Ijyb is moderately wounded.
Ijyb closely misses you.
You riposte.
You hit Ijyb but do no damage.
Ijyb is moderately wounded.
You hit Ijyb but do no damage.
Ijyb is moderately wounded.
Ijyb hits you with a +0 dagger.
* * * LOW HITPOINT WARNING * * *
Ijyb barely misses you.
You closely miss Ijyb.
Ijyb is moderately wounded.
Ijyb hits you with a +0 dagger.
You die...

## .#### ..
.... ...
####.###....
#.@gB.......
#.##..##...
#.#<....#
#.#...#...#
#.#....####
#.#......
#.#........
#.####.####
.#


You could see Ijyb and a worker ant.

Vanquished Creatures
  2 adders (D:2)
  A worm (D:2)
  2 bats (D:1)
  4 hobgoblins
  10 jackals
  2 oozes (D:2)
  4 quokkas
  3 ball pythons
  2 frilled lizards
  2 kobolds (D:2)
  2 rats
34 creatures vanquished.

Notes
Turn   | Place    | Note
-------+----------+-------------------------------------------
     0 | Abyss:1  | PentaManta the Spriggan Abyssal Knight began the quest for
                  | the Orb.
     0 | Abyss:1  | Reached XP level 1. HP: 11/11 MP: 3/3
    48 | Abyss:1  | Noticed a tentacled starspawn
    49 | D:1      | Escaped the Abyss
   135 | D:1      | You fall into a shaft and drop 1 floor!
   135 | D:2      | Found a glowing golden altar of the Shining One.
   289 | D:1      | Reached * piety under Lugonu
   449 | D:1      | Reached XP level 2. HP: 5/16 MP: 4/4
   786 | D:1      | Reached skill level 4 in Dodging
  1506 | D:2      | Found an opulent altar of Gozag.
  1517 | D:2      | Reached XP level 3. HP: 7/19 MP: 5/5
  2330 | D:2      | Noticed Sigmund
  2434 | D:3      | Reached skill level 5 in Dodging
  2474 | D:4      | Noticed Ijyb
  2490 | D:4      | Slain by Ijyb

Illustrated notes

Levels and vault maps discovered:
D:1:      scummos_arrival_simple_fountains, layout_rooms
D:2:      layout_basic, tso_metal_star, general_overflow_altar, uniq_sigmund
D:3:      layout_rooms, nicolae_ru_path_of_blood
D:4:      wad_pebble_path, layout_basic, uniq_ijyb

Skill      XL: |  1  2  3 |
---------------+----------+-----
Dodging        | 4 5 |  5.0
Long Blades    | 2 |  2.4
Fighting       | |  2.4
Invocations    | |  1.7

Action                   || total
-------------------------++-------
Melee: Falchion          ||   125
Invok: Depart the Abyss  ||     1
 Stab: Sleeping          ||     1
Armor: Robe              ||    12
Dodge: Dodged            ||   144
       Rpst.: Falchion   ||    52

Table legend: (Time is in decaauts)
 A = Elapsed time spent in this place.
 B = Non-inter-level travel time spent in this place.
 C = Inter-level travel time spent in this place.
 D = Time resting spent in this place.
 E = Time spent auto-exploring this place.
 F = Levels seen in this place.
 G = Mean time per level.
                   A        B        C        D        E       F      G
               +--------+--------+--------+--------+--------+-----+--------+
         Total |   2111 |   2081 |     30 |    636 |   1109 |   5 |  422.2 |
       Dungeon |   2081 |   2051 |     30 |    636 |   1080 |   4 |  520.2 |
         Abyss |     30 |     30 |      0 |      0 |     29 |   1 |   30.0 |
               +--------+--------+--------+--------+--------+-----+--------+

Top non-repeatable levels by time:
     D:2: 1282 daAuts
     D:1: 729 daAuts
     D:3: 52 daAuts
 Abyss:1: 30 daAuts
     D:4: 16 daAuts
